 Dungeon Sprint DCSS version 0.29.1-2-gbd0b4ee654 (webtiles) character file.

Game seed: 597727791102877219

18 firemarshallily the Magician (level 2, -2/25 HPs)
             Began as a Djinni Conjurer on Nov 2, 2022.
             Slain by a worm (6 damage)
             ... in the Dungeon (Sprint IX: "|||||||||||||||||||||||||||||").
             The game lasted 00:01:11 (170 turns).

firemarshallily the Magician (Djinni Conjurer)       Turns: 170, Time: 00:01:12

Health: -2/25      AC:  2    Str:  6    XL:     2   Next: 90%
Gold:   0          EV: 12    Int: 19    God:
                   SH:  0    Dex: 11

rFire   + + .      SeeInvis .   g - +0 dagger
rCold   x . .      Faith    .   (no shield)
rNeg    . . .      Spirit   .   a - +0 robe
rPois   ∞          Reflect  .   (no helmet)
rElec   .          Harm     .   (no cloak)
rCorr   .          Rampage  .   (no gloves)
Will    .....      NoTele   +   (boots unavailable)
Stlth   ++........              (no amulet)
HPRegen 0.08/turn               (no ring)
MPRegen 0.00/turn               (no ring)

@: flying
A: sickness immunity, fire resistance 2, cold vulnerability 1, float, innate
caster, HP casting, extra vitality 1
a: no special abilities


You were in the Dungeon.
You visited 1 branch

Inventory:

Hand Weapons
 g - a +0 dagger (weapon)
Missiles
 h - 5 stones
Armour
 a - a +0 robe (worn)
Scrolls
 f - a scroll of blinking
Potions
 b - a potion of curing
 c - a potion of heal wounds
 d - a potion of haste
 e - a potion of berserk rage


   Skills:
 * Level 3.0 Fighting
 + Level 3.3 Dodging
 - Level 1.5 Stealth
 * Level 4.1 Spellcasting


You couldn't memorise any spells.
You knew the following spells:

 Your Spells              Type           Power      Damage    Failure   Level
a - Magic Dart            Conj           76%        1d6       2%          1
b - Searing Ray           Conj           38%        2d5       3%          2
c - Dazzling Flash        Conj/Hex       38%        N/A       8%          3
d - Fulminant Prism       Conj/Hex       9%         3d7       24%         4
e - Iskenderun's Mystic   Conj/Tloc      19%        2d6       24%         4
Your spell library was empty.

Dungeon Overview and Level Annotations

Branches:
Dungeon (1/1)

Altars:


Innate Abilities, Weirdness & Mutations

You are immune to sickness and miasma.
You are immune to poison.
Your flesh is very heat resistant. (rF++)
You are vulnerable to cold. (rC-)
You float through the air rather than walking.
You learn spells naturally, not from books.
Your magical power is your life essence.
You have superior vitality. (+4 MHP)


Message History

The dart slug is severely wounded. (Press . to maintain the ray.)
The searing ray misses the worm.
The searing ray hits the orc!
You kill the orc!
The searing ray hits the dart slug.
You kill the dart slug!
The worm bites you!
* * * LOW HITPOINT WARNING * * *
Your Fighting skill increases to level 3!
Aiming: Magic Dart (safe; 2% risk of failure)
Press: ? - help, Q - select action, (/) - cycle Shift-Dir - straight line, f - worm
Aim: a worm (lightly wounded, 100% to hit)
Okay, then.
Throw: 8 stones
Press: ? - help, Shift-Dir - straight line, f - worm
Aim: a worm (lightly wounded, 76% to hit)
You throw a stone.
The stone hits the worm but does no damage.
The worm is lightly wounded.
Throw: 7 stones
Press: ? - help, Shift-Dir - straight line, f/p - worm
Aim: a worm (76% to hit)
You throw a stone.
The stone hits the worm but does no damage.
You hit the worm but do no damage. You hit the worm.
The worm is lightly wounded.
The worm closely misses you.
Things that are here:
a +0 short sword; a bat corpse Throw: 6 stones
Press: ? - help, Shift-Dir - straight line, f/p - worm
Aim: a worm (lightly wounded, 76% to hit)
You throw a stone.
The stone hits the worm but does no damage.
The worm is lightly wounded.
You hit the worm.
The worm is lightly wounded.
The worm bites you.
You die...

▓▓▓
▓<▓
▓.▓
▓.▓
▓.▓
▓'▓
▓@▓
▓w▓
▓h▓
▓.▓
▓.▓
▓'▓
▓†▓
▓.▓
▓)▓


You could see a worm and a hound.

Vanquished Creatures
  An adder (D)
  A dart slug (D)
  An orc (D)
  A hobgoblin (D)
  2 bats (D)
  2 kobolds (D)
8 creatures vanquished.

Notes
Turn   | Place    | Note
-------+----------+-------------------------------------------
     0 | D        | firemarshallily the Djinni Conjurer began the quest for the
                  | Orb.
     0 | D        | firemarshallily set off with the following spells
                  | memorised: Magic Dart, Searing Ray, Dazzling Flash,
                  | Fulminant Prism, Iskenderun's Mystic Blast.
     0 | D        | Reached XP level 1. HP: 15/15 MP: 0/0
     6 | D        | Reached skill level 1 in Fighting
   150 | D        | Noticed a hound
   158 | D        | Reached skill level 4 in Spellcasting
   158 | D        | Reached XP level 2. HP: 12/24 MP: 0/0
   170 | D        | Slain by a worm

Illustrated notes

Levels and vault maps discovered:
D:        linesprint [early_d, line_temple, items_1, d_10, items_2, lair_1,
          lair_end, items_3, orc_1, orc_end, items_4, d_15, swamp_1, shoals_1,
          snake_1, spider_1, d_20, vaults_1, items_5, swamp_end, shoals_end,
          snake_end, spider_end, vaults_end, d_27, items_6, zot_1, zot_end,
          crypt_end, forest_end, elf_end, slime_end, tomb_end, abyss_end,
          pan_hell_end]

Skill      XL: |  1  2 |
---------------+-------+-----
Fighting       | 2 3 |  3.0
Dodging        | 3 |  3.3
Spellcasting   | 4 |  4.1
Stealth        | |  1.5

Action                   || total
-------------------------++-------
Melee: Dagger            ||     6
Throw: Stone             ||     3
 Cast: Magic Dart        ||    11
       Searing Ray       ||     1
 Stab: Sleeping          ||     1
Armor: Robe              ||     2
Dodge: Dodged            ||    11
